 Dungeon Crawl Stone Soup version 0.30-a0-2-gf48d83f5e2 (webtiles) character file.

Game seed: 1202708167640435210

159 greasedhog the Chiller (level 5, -2/33 HPs)
             Began as a Gargoyle Ice Elementalist on Aug 20, 2022.
             Slain by a quokka (4 damage)
             ... on level 4 of the Dungeon.
             The game lasted 00:05:13 (3498 turns).

greasedhog the Chiller (Gargoyle Ice Elementalist)  Turns: 3498, Time: 00:05:14

Health: -2/33      AC:  7    Str: 12    XL:     5   Next: 40%
Magic:  4/8        EV: 11    Int: 17    God:
Gold:   134        SH:  5    Dex: 10    Spells: 1/8 levels left

rFire   . . .      SeeInvis .    d - +0 dagger
rCold   . . .      Faith    .    (no shield)
rNeg    + . .      Spirit   .    a - +0 robe
rPois   ∞          Reflect  +    (no helmet)
rElec   +          Harm     .    (no cloak)
rCorr   .          Rampage  .    (no gloves)
Will    .....                    i - +0 pair of boots
Stlth   ++........               j - amulet of reflection
HPRegen 0.11/turn                (no ring)
MPRegen 0.11/turn                (no ring)

@: no status effects
A: sickness immunity, AC +4, negative energy resistance 1, electricity
resistance, torment resistance 1, petrification resistance
a: no special abilities


You were on level 4 of the Dungeon.
You visited 1 branch of the dungeon, and saw 4 of its levels.

You collected 134 gold pieces.

Inventory:

Hand Weapons
 d - a +0 dagger (weapon)
Armour
 a - a +0 robe (worn)
 i - a +0 pair of boots (worn)
Jewellery
 j - an amulet of reflection (around neck)
Wands
 s - a wand of roots (7)
Scrolls
 f - a scroll of vulnerability
 k - 3 scrolls of amnesia
 l - a scroll of blinking {unknown}
 n - a scroll of enchant weapon {unknown}
 o - a scroll of teleportation {unknown}
Potions
 b - a potion of magic
 c - a potion of brilliance {unknown}
 e - a potion of berserk rage {unknown}
 g - a potion of attraction {unknown}
 h - 3 potions of curing {unknown}
 m - 2 potions of heal wounds {unknown}
 p - a potion of degeneration {unknown}
 q - a potion of cancellation {unknown}
 r - a potion of flight {unknown}
 t - a potion of haste {unknown}


   Skills:
 * Level 3.6 Fighting
 - Level 1.5 Dodging
 - Level 2.1 Stealth
 - Level 2.0 Spellcasting
 * Level 5.4 Ice Magic


You had one spell level left.
You knew the following spells:

 Your Spells              Type           Power      Damage    Failure   Level
a - Freeze                Ice            80%        1d9       2%          1
b - Frozen Ramparts       Ice            40%        1d7       6%          3
c - Ozocubu's Armour      Ice            20%        N/A       6%          3

Your spell library contained the following spells:

 Spells                   Type           Power      Damage    Failure   Level
 Hailstorm                Conj/Ice       10%        3d5       54%         4


Dungeon Overview and Level Annotations

Branches:
Dungeon (4/15)
 Temple: D:4-7

Altars:
Kikubaaqudgha
Trog

Annotations:
D:3 2 transporters, Thoth777's ghost, amateur OpTm


Innate Abilities, Weirdness & Mutations

You are immune to sickness and miasma.
Your stone body is resilient. (AC +4)
You are immune to poison.
You resist negative energy. (rN+)
You are resistant to electric shocks. (rElec)
You are resistant to unholy torment.
You are immune to petrification.


Message History

You hit the endoplasm but do no damage.
The endoplasm is almost dead.
The quokka barely misses you. The gnoll hits you but does no damage.
The endoplasm freezes you.
You are frozen.
You hit the endoplasm but do no damage.
The endoplasm is almost dead.
You block the quokka's attack. The endoplasm freezes you.
You are frozen.
* * * LOW HITPOINT WARNING * * *
The gnoll closely misses you.
Your icy armour will break if you move.
Continue?
The quokka attacks as you move away!
The quokka bites you but does no damage.
Your icy armour cracks and falls away as you move.
You block the quokka's attack.
Okay, then.
The quokka attacks as you move away! The quokka bites you.
* * * LOW HITPOINT WARNING * * *
The quokka attacks as you move away! The quokka barely misses you.
The quokka attacks as you move away!
The quokka bites you but does no damage.
The dart slug launches a dart at you.
The slug dart hits you but does no damage.
The quokka barely misses you.
The gnoll shouts!
The dart slug barely misses you.
Found a spear.
The dart slug launches a dart at you. The slug dart hits you.
* * * LOW HITPOINT WARNING * * *
The endoplasm quivers.
The dart slug launches a dart at you. The slug dart hits you.
* * * LOW HITPOINT WARNING * * *
You block the quokka's attack.
There is a stone staircase leading up here.
The quokka bites you.
You die...

......##..####
.......#.....##
#............###
#......##......###
#..$...##..J#....##
#h#..)...##..##.h...#
<........##g.###....#
.#................##
..........@wJh..?.##
#.#........r......#
................#.#
#.#........#....#.+
...........#....###
#.#..............#
................##
....#.........$#
.~~~~~ .)...


You could see a hound, a gnoll, a dart slug, 2 endoplasms and a quokka.

Vanquished Creatures
  A scorpion (D:3)
  3 adders
  2 worms (D:2)
  3 dart slugs
  6 orcs (D:3)
  4 endoplasms
  2 giant cockroaches
  5 goblins
  2 hobgoblins
  4 jackals (D:3)
  6 kobolds
  3 quokkas (D:1)
  3 ball pythons (D:2)
  11 bats
  3 frilled lizards
  7 rats
65 creatures vanquished.

Vanquished Creatures (others)
  A wizard (D:3)
1 creature vanquished.

Grand Total: 66 creatures vanquished

Notes
Turn   | Place    | Note
-------+----------+-------------------------------------------
     0 | D:1      | greasedhog the Gargoyle Ice Elementalist began the quest
                  | for the Orb.
     0 | D:1      | Reached XP level 1. HP: 10/10 MP: 3/3
   271 | D:1      | Reached skill level 1 in Fighting
   271 | D:1      | Reached XP level 2. HP: 13/16 MP: 3/5
  1194 | D:1      | Found a faded altar of an unknown god.
  1322 | D:2      | Reached XP level 3. HP: 21/21 MP: 2/6
  1919 | D:2      | Reached XP level 4. HP: 27/27 MP: 2/7
  2352 | D:3      | Identified the +12 mace "Ogegitos" {venom, Will- Int+6
                  | Dex+2}
  2487 | D:3      | Noticed a scorpion
  2494 | D:3      | Killed a scorpion
  2495 | D:3      | Reached skill level 5 in Ice Magic
  2495 | D:3      | Reached XP level 5. HP: 32/32 MP: 2/8
  2499 | D:3      | Learned a level 3 spell: Frozen Ramparts
  2503 | D:3      | Learned a level 3 spell: Ozocubu's Armour
  2889 | D:3      | Found an ancient bone altar of Kikubaaqudgha.
  2988 | D:3      | Found a transporter.
  2988 | D:3      | Noticed Thoth777's ghost (amateur OpTm)
  2990 | D:3      | Noticed an ogre
  2996 | D:3      | Found a transporter.
  3427 | D:3      | Found a bloodstained altar of Trog.
  3430 | D:3      | Noticed a wizard
  3436 | D:3      | Killed a wizard
  3498 | D:4      | Slain by a quokka

Illustrated notes

Levels and vault maps discovered:
D:1:      minmay_arrival_three_doors, layout_basic,
          shapermc_ecumenical_altar_notcrosses
D:2:      layout_basic, hex_intersection, lemuel_another_geyser
D:3:      layout_loops_corners, mainiacjoe_overflow_alcove_4, trog_wizard,
          gammafunk_ghost_smash
D:4:      cheibrodos_thug_alley, layout_cave_pools, xom_confusion_cloud,
          nicolae_vehumet_altar_sigil, st_stairs_9

Skill      XL: |  1  2  3  4 |
---------------+-------------+-----
Fighting       | 1 2 3 |  3.6
Ice Magic      | 5 |  5.4
Dodging        | |  1.5
Stealth        | |  2.1
Spellcasting   | |  2.0

Action                   |  1- 3 |  4- 6 || total
-------------------------+-------+-------++-------
Melee: Unarmed           |     9 |       ||     9
       Dagger            |    36 |    52 ||    88
 Cast: Freeze            |    41 |    20 ||    61
       Frozen Ramparts   |       |     2 ||     2
       Ozocubu's Armour  |       |     1 ||     1
  Use: Scroll            |       |     3 ||     3
 Stab: Sleeping          |     4 |     8 ||    12
Armor: Robe              |    28 |    30 ||    58
Dodge: Dodged            |    49 |    37 ||    86
Block: Other             |     2 |    24 ||    26

Table legend: (Time is in decaauts)
 A = Elapsed time spent in this place.
 B = Non-inter-level travel time spent in this place.
 C = Inter-level travel time spent in this place.
 D = Time resting spent in this place.
 E = Time spent auto-exploring this place.
 F = Levels seen in this place.
 G = Mean time per level.
                   A        B        C        D        E       F      G
               +--------+--------+--------+--------+--------+-----+--------+
         Total |   3496 |   3459 |     37 |     66 |   2923 |   4 |  874.0 |
       Dungeon |   3496 |   3459 |     37 |     66 |   2923 |   4 |  874.0 |
               +--------+--------+--------+--------+--------+-----+--------+

Top non-repeatable levels by time:
     D:1: 1263 daAuts
     D:3: 1146 daAuts
     D:2: 1055 daAuts
     D:4: 30 daAuts
